2153 views
Uploaded 2023-10-11 23:43:29
Game version 1.36 (6115)
59:41 long 2on2 ladder game on (4)PhantomGrove_S2_v2.0
Saved by GIGA
2153 views
Uploaded 2023-10-11 23:43:29
Game version 1.36 (6115)
59:41 long 2on2 ladder game on (4)PhantomGrove_S2_v2.0


116 units @ 15.9k
/ 2.3k
116 buildings @ 22k
/ 9.1k



| Rod of Necromancy | 3 | 450 |
| Ritual Dagger | 1 | 125 |
| Potion of Healing | 1 | 150 |
| Orb of Corruption | 1 | 375 |
| Scroll of Town Portal | 2 | 700 |
| total: | 8 | 1800g |
| Acolyte | 31 | 2325 | / | 0 |
| Ghoul | 6 | 720 | / | 0 |
| Crypt Fiend | 9 | 1935 | / | 360 |
| Obsidian Statue | 4 | 800 | / | 140 |
| Abomination | 1 | 240 | / | 70 |
| Banshee | 4 | 620 | / | 120 |
| total: | 55 | 6640g | / | 690w |
| Nerubian Tower | 7 | 700 | / | 140 |
| Spirit Tower | 15 | 2175 | / | 600 |
| Altar of Darkness | 1 | 180 | / | 50 |
| Ziggurat | 36 | 5400 | / | 1800 |
| Crypt | 2 | 400 | / | 100 |
| Tomb of Relics | 1 | 130 | / | 30 |
| Graveyard | 1 | 215 | / | 0 |
| Necropolis | 10 | 2250 | / | 0 |
| Slaughterhouse | 1 | 140 | / | 135 |
| Sacrificial Pit | 1 | 75 | / | 150 |
| Temple of the Damned | 1 | 155 | / | 140 |
| Boneyard | 2 | 350 | / | 400 |
| Halls of the Dead | 1 | 320 | / | 210 |
| Black Citadel | 1 | 325 | / | 230 |
| total: | 56 | 9295g | / | 2805w |
| 0:03 | Acolyte |
| 0:04 | Acolyte |
| 0:08 | Altar of Darkness |
| 0:10 | Ziggurat |
| 0:35 | Crypt |
| 0:56 | Tomb of Relics |
| 1:16 | Graveyard |
| 1:36 | Ghoul |
| 1:39 | Ziggurat |
| 1:52 | Ghoul |
| 2:05 | Ghoul |
| 2:11 | Rod of Necromancy |
| 2:18 | Ghoul |
| 2:20 | Death Coil |
| 2:25 | Acolyte |
| 3:10 | Necropolis |
| 3:20 | Acolyte |
| 3:49 | Acolyte |
| 3:49 | Acolyte |
| 3:54 | Acolyte |
| 4:17 | Ghoul |
| 4:21 | Crypt |
| 4:49 | Ziggurat |
| 4:56 | Ritual Dagger |
| 4:59 | Rod of Necromancy |
| 5:03 | Ziggurat |
| 5:15 | Crypt Fiend |
| 5:17 | Halls of the Dead |
| 5:35 | Crypt Fiend |
| 5:41 | Crypt Fiend |
| 5:46 | Nerubian Tower |
| 5:48 | Unholy Aura |
| 6:00 | Ziggurat |
| 6:03 | Crypt Fiend |
| 6:12 | Spirit Tower |
| 6:20 | Crypt Fiend |
| 6:36 | Crypt Fiend |
| 7:01 | Creature Attack |
| 7:01 | Creature Carapace |
| 7:42 | Black Citadel |
| 7:45 | Slaughterhouse |
| 8:23 | Crypt Fiend |
| 8:25 | Improved Creature Attack |
| 8:46 | Frost Armor |
| 8:50 | Rod of Necromancy |
| 8:50 | Potion of Healing |
| 8:54 | Scroll of Town Portal |
| 9:00 | Burrow |
| 9:02 | Crypt Fiend |
| 9:27 | Obsidian Statue |
| 9:27 | Obsidian Statue |
| 9:44 | Death Coil |
| 10:01 | Frost Nova |
| 10:19 | Black Arrow |
| 10:37 | Destroyer Form |
| 10:38 | Advanced Creature Attack |
| 10:39 | Improved Creature Carapace |
| 11:01 | Orb of Corruption |
| 11:26 | Sacrificial Pit |
| 11:40 | Silence |
| 12:00 | Abomination |
| 12:43 | Acolyte |
| 12:50 | Black Arrow |
| 12:59 | Disease Cloud |
| 13:01 | Unholy Armor |
| 13:04 | Web |
| 13:26 | Frost Nova |
| 13:42 | Ghoul Frenzy |
| 14:16 | Unholy Aura |
| 14:46 | Acolyte |
| 15:18 | Temple of the Damned |
| 15:41 | Necropolis |
| 16:08 | Nerubian Tower |
| 16:23 | Ghoul |
| 16:24 | Banshee |
| 16:26 | Banshee Adept Training |
| 16:27 | Acolyte |
| 17:19 | Banshee |
| 17:20 | Banshee |
| 17:51 | Ziggurat |
| 17:52 | Ziggurat |
| 17:53 | Ziggurat |
| 18:21 | Acolyte |
| 18:21 | Acolyte |
| 18:21 | Acolyte |
| 18:28 | Acolyte |
| 18:51 | Nerubian Tower |
| 18:52 | Acolyte |
| 18:53 | Acolyte |
| 18:53 | Acolyte |
| 18:53 | Acolyte |
| 18:59 | Spirit Tower |
| 19:01 | Nerubian Tower |
| 19:01 | Ziggurat |
| 19:02 | Ziggurat |
| 19:03 | Ziggurat |
| 19:04 | Ziggurat |
| 19:05 | Ziggurat |
| 19:06 | Ziggurat |
| 19:33 | Banshee Master Training |
| 19:35 | Boneyard |
| 19:38 | Boneyard |
| 19:42 | Silence |
| 20:09 | Necropolis |
| 20:21 | Acolyte |
| 20:23 | Necropolis |
| 20:26 | Necropolis |
| 20:37 | Dark Ritual |
| 20:44 | Banshee |
| 20:56 | Necropolis |
| 21:31 | Necropolis |
| 21:38 | Advanced Creature Carapace |
| 21:39 | Improved Unholy Armor |
| 21:39 | Unholy Strength |
| 21:42 | Acolyte |
| 21:44 | Acolyte |
| 21:57 | Death Coil |
| 22:06 | Spirit Tower |
| 22:08 | Spirit Tower |
| 22:09 | Spirit Tower |
| 22:11 | Spirit Tower |
| 22:12 | Spirit Tower |
| 22:21 | Necropolis |
| 22:53 | Ziggurat |
| 22:54 | Ziggurat |
| 22:54 | Ziggurat |
| 22:55 | Ziggurat |
| 22:55 | Ziggurat |
| 22:56 | Ziggurat |
| 22:57 | Ziggurat |
| 22:57 | Ziggurat |
| 23:10 | Ziggurat |
| 23:10 | Ziggurat |
| 23:48 | Spirit Tower |
| 23:51 | Spirit Tower |
| 23:59 | Acolyte |
| 24:00 | Acolyte |
| 24:25 | Spirit Tower |
| 24:27 | Spirit Tower |
| 25:26 | Crypt Fiend |
| 25:30 | Acolyte |
| 25:38 | Spirit Tower |
| 25:49 | Ziggurat |
| 25:51 | Ziggurat |
| 25:52 | Ziggurat |
| 25:54 | Ziggurat |
| 26:19 | Necropolis |
| 26:35 | Acolyte |
| 26:47 | Acolyte |
| 26:47 | Acolyte |
| 27:00 | Necropolis |
| 27:05 | Ziggurat |
| 27:06 | Ziggurat |
| 27:06 | Ziggurat |
| 27:07 | Ziggurat |
| 27:07 | Ziggurat |
| 27:08 | Ziggurat |
| 27:09 | Ziggurat |
| 28:15 | Nerubian Tower |
| 28:17 | Spirit Tower |
| 29:19 | Scroll of Town Portal |
| 29:46 | Spirit Tower |
| 30:38 | Nerubian Tower |
| 30:40 | Nerubian Tower |
| 30:41 | Spirit Tower |
| 30:42 | Ziggurat |
| 30:45 | Acolyte |
| 30:45 | Acolyte |
| 35:02 | Acolyte |
| 35:03 | Acolyte |
| 36:15 | Black Arrow |
| 37:47 | Obsidian Statue |
| 37:47 | Obsidian Statue |
| 38:40 | Frost Nova |
| Right click | 1019 |
| Select group | 756 |
| Select | 749 |
| Misc. action | 276 |
| Build/train/purchase | 154 |
| Use ability | 123 |
| Assign group | 53 |
| Resource trade | 53 |
| Chat | 40 |
| Minimap ping | 23 |
| Item give/drop | 9 |
| Esc | 6 |

| Healing Salve | 5 | 500 |
| Lesser Clarity Potion | 6 | 420 |
| Potion of Mana | 3 | 600 |
| Scroll of Speed | 1 | 50 |
| Orb of Lightning | 1 | 375 |
| Scroll of Town Portal | 4 | 1400 |
| Dust of Appearance | 2 | 150 |
| total: | 22 | 3495g |
| Peon | 21 | 1575 | / | 0 |
| Grunt | 3 | 600 | / | 0 |
| Raider | 15 | 2700 | / | 600 |
| Demolisher | 15 | 3300 | / | 750 |
| Troll Witch Doctor | 3 | 435 | / | 75 |
| Troll Batrider | 4 | 640 | / | 160 |
| total: | 61 | 9250g | / | 1585w |
| Watch Tower | 17 | 1870 | / | 1360 |
| Altar of Storms | 1 | 180 | / | 50 |
| Orc Burrow | 14 | 2240 | / | 560 |
| Barracks | 1 | 180 | / | 50 |
| Voodoo Lounge | 2 | 260 | / | 60 |
| War Mill | 1 | 205 | / | 0 |
| Great Hall | 18 | 6930 | / | 3330 |
| Beastiary | 4 | 580 | / | 560 |
| Spirit Lodge | 2 | 300 | / | 300 |
| Stronghold | 2 | 630 | / | 380 |
| Fortress | 1 | 325 | / | 190 |
| total: | 60 | 12745g | / | 6270w |
| 0:02 | Peon |
| 0:02 | Peon |
| 0:03 | Peon |
| 0:09 | Altar of Storms |
| 0:20 | Orc Burrow |
| 0:35 | Barracks |
| 0:44 | Peon |
| 1:00 | Peon |
| 1:01 | Peon |
| 1:30 | Orc Burrow |
| 1:37 | Grunt |
| 1:43 | Peon |
| 1:58 | Voodoo Lounge |
| 2:04 | Peon |
| 2:27 | Grunt |
| 2:42 | Shockwave |
| 3:00 | Stronghold |
| 3:29 | Grunt |
| 3:33 | Orc Burrow |
| 3:51 | War Mill |
| 4:31 | Orc Burrow |
| 5:22 | Beastiary |
| 5:29 | Beastiary |
| 6:07 | Endurance Aura |
| 6:23 | Pillage |
| 6:25 | Steel Melee Weapons |
| 6:28 | Ensnare |
| 6:32 | Raider |
| 6:36 | Raider |
| 6:46 | Healing Salve |
| 6:46 | Lesser Clarity Potion |
| 6:52 | Potion of Mana |
| 6:52 | Scroll of Speed |
| 6:56 | Watch Tower |
| 7:00 | Raider |
| 7:18 | Watch Tower |
| 7:20 | Raider |
| 7:40 | Steel Armor |
| 8:29 | Scroll of Town Portal |
| 8:33 | Lesser Clarity Potion |
| 8:35 | Healing Salve |
| 8:50 | Raider |
| 9:24 | Raider |
| 10:15 | Shockwave |
| 10:48 | Raider |
| 10:52 | Lesser Clarity Potion |
| 10:52 | Potion of Mana |
| 10:53 | Scroll of Town Portal |
| 12:43 | Healing Salve |
| 12:43 | Healing Salve |
| 12:49 | Lesser Clarity Potion |
| 12:52 | Scroll of Town Portal |
| 12:55 | Raider |
| 13:22 | Raider |
| 13:44 | Peon |
| 13:44 | Peon |
| 15:42 | Fortress |
| 15:46 | Orc Burrow |
| 15:50 | Steel Ranged Weapons |
| 16:33 | Reinforced Defenses |
| 16:39 | Great Hall |
| 16:50 | Orc Burrow |
| 17:08 | Demolisher |
| 17:08 | Demolisher |
| 17:25 | Great Hall |
| 18:00 | Lesser Clarity Potion |
| 18:02 | Scroll of Town Portal |
| 18:03 | Potion of Mana |
| 18:11 | Orb of Lightning |
| 18:17 | Burning Oil |
| 18:18 | Demolisher |
| 18:40 | Watch Tower |
| 18:54 | Demolisher |
| 19:04 | Watch Tower |
| 19:10 | Watch Tower |
| 19:27 | Dust of Appearance |
| 19:32 | Peon |
| 19:50 | Peon |
| 20:01 | Watch Tower |
| 20:02 | Peon |
| 20:02 | Peon |
| 20:16 | Watch Tower |
| 20:18 | Peon |
| 20:56 | Watch Tower |
| 21:25 | Endurance Aura |
| 21:47 | Orc Burrow |
| 21:50 | Peon |
| 21:50 | Peon |
| 21:57 | Demolisher |
| 22:02 | Watch Tower |
| 22:04 | Peon |
| 22:14 | Spirit Lodge |
| 22:15 | Peon |
| 22:16 | Peon |
| 22:16 | Peon |
| 23:12 | Watch Tower |
| 23:17 | Watch Tower |
| 23:25 | Watch Tower |
| 23:26 | Watch Tower |
| 23:54 | Orc Burrow |
| 25:10 | Watch Tower |
| 25:37 | Orc Burrow |
| 26:31 | Stronghold |
| 26:38 | Watch Tower |
| 28:46 | Orc Burrow |
| 28:51 | Watch Tower |
| 30:09 | Orc Burrow |
| 30:53 | Dust of Appearance |
| 31:13 | Watch Tower |
| 31:22 | Beastiary |
| 31:24 | Beastiary |
| 33:28 | Raider |
| 33:29 | Raider |
| 33:30 | Demolisher |
| 34:23 | Voodoo Lounge |
| 34:26 | Raider |
| 34:50 | Orc Burrow |
| 34:53 | Orc Burrow |
| 35:37 | Great Hall |
| 36:15 | Spirit Lodge |
| 36:41 | Healing Salve |
| 36:43 | Lesser Clarity Potion |
| 37:10 | Raider |
| 37:27 | Demolisher |
| 37:27 | Demolisher |
| 37:27 | Demolisher |
| 37:27 | Demolisher |
| 37:36 | Troll Witch Doctor |
| 37:36 | Troll Witch Doctor |
| 37:36 | Troll Witch Doctor |
| 37:40 | Orc Burrow |
| 39:14 | Troll Batrider |
| 39:56 | Troll Batrider |
| 39:56 | Troll Batrider |
| 39:56 | Troll Batrider |
| 42:27 | Raider |
| 42:27 | Raider |
| 48:23 | Demolisher |
| 48:23 | Demolisher |
| 48:23 | Demolisher |
| 48:23 | Demolisher |
| 48:23 | Demolisher |
| 51:57 | Great Hall |
| 52:03 | Great Hall |
| 52:07 | Great Hall |
| 52:10 | Great Hall |
| 52:13 | Great Hall |
| 52:18 | Great Hall |
| 52:26 | Great Hall |
| 52:31 | Great Hall |
| 52:35 | Great Hall |
| 52:39 | Great Hall |
| 52:49 | Great Hall |
| 52:53 | Great Hall |
| 52:58 | Great Hall |
| 53:07 | Great Hall |
| 53:19 | Great Hall |
| Right click | 2322 |
| Select group | 1351 |
| Select | 543 |
| Use ability | 152 |
| Build/train/purchase | 129 |
| Assign group | 42 |
| Misc. action | 35 |
| Minimap ping | 28 |
| Item give/drop | 3 |
| Esc | 3 |
93 units @ 9k
/ 0.8k
136 buildings @ 11.2k
/ 5.2k


| Healing Salve | 3 | 300 |
| Lesser Clarity Potion | 2 | 140 |
| Scroll of Town Portal | 1 | 350 |
| Boots of Speed | 1 | 250 |
| Circlet of Nobility | 1 | 175 |
| Staff of Teleportation | 2 | 300 |
| Orb of Fire | 1 | 325 |
| total: | 11 | 1840g |
| Peon | 17 | 1275 | / | 0 |
| Grunt | 3 | 600 | / | 0 |
| Troll Witch Doctor | 3 | 435 | / | 75 |
| total: | 23 | 2310g | / | 75w |
| Watch Tower | 13 | 1430 | / | 1040 |
| Altar of Storms | 2 | 360 | / | 100 |
| Orc Burrow | 10 | 1600 | / | 400 |
| Barracks | 1 | 180 | / | 50 |
| Voodoo Lounge | 1 | 130 | / | 30 |
| War Mill | 2 | 410 | / | 0 |
| Spirit Lodge | 1 | 150 | / | 150 |
| Stronghold | 1 | 315 | / | 190 |
| Fortress | 1 | 325 | / | 190 |
| total: | 30 | 4260g | / | 1770w |
| 0:03 | Peon |
| 0:03 | Peon |
| 0:05 | Altar of Storms |
| 0:11 | Orc Burrow |
| 0:12 | Peon |
| 0:22 | Peon |
| 0:43 | Barracks |
| 0:52 | Peon |
| 1:03 | Peon |
| 1:43 | Peon |
| 1:44 | Peon |
| 1:46 | Grunt |
| 1:51 | Orc Burrow |
| 2:02 | Peon |
| 2:10 | Voodoo Lounge |
| 2:14 | Wind Walk |
| 2:45 | Grunt |
| 2:46 | Peon |
| 2:46 | Peon |
| 3:08 | Peon |
| 3:10 | Peon |
| 3:14 | War Mill |
| 3:36 | Critical Strike |
| 3:41 | Grunt |
| 3:48 | Orc Burrow |
| 3:55 | Healing Salve |
| 5:11 | Stronghold |
| 5:40 | Spiked Barricades |
| 6:16 | Wind Walk |
| 6:30 | Watch Tower |
| 6:31 | Watch Tower |
| 6:40 | Boots of Speed |
| 6:45 | Circlet of Nobility |
| 6:49 | Staff of Teleportation |
| 7:11 | Watch Tower |
| 7:13 | Watch Tower |
| 7:47 | Watch Tower |
| 7:48 | Watch Tower |
| 8:30 | Healing Salve |
| 8:40 | Watch Tower |
| 8:41 | Reinforced Defenses |
| 8:50 | Spirit Lodge |
| 8:56 | Peon |
| 8:56 | Peon |
| 8:56 | Peon |
| 8:57 | Peon |
| 10:11 | Watch Tower |
| 10:13 | Watch Tower |
| 10:14 | Witch Doctor Adept Training |
| 10:24 | Hex |
| 11:19 | Critical Strike |
| 11:32 | Fortress |
| 11:35 | Watch Tower |
| 11:38 | Watch Tower |
| 11:40 | Watch Tower |
| 11:44 | Watch Tower |
| 11:55 | Lesser Clarity Potion |
| 11:58 | Healing Salve |
| 12:49 | Orc Burrow |
| 12:55 | Orc Burrow |
| 12:57 | Orc Burrow |
| 13:05 | Lesser Clarity Potion |
| 14:03 | Witch Doctor Master Training |
| 14:31 | Scroll of Town Portal |
| 15:05 | War Mill |
| 16:36 | Staff of Teleportation |
| 17:10 | Altar of Storms |
| 17:12 | Orc Burrow |
| 17:15 | Orc Burrow |
| 17:18 | Orc Burrow |
| 19:32 | Orc Burrow |
| 25:01 | Critical Strike |
| 27:54 | Troll Witch Doctor |
| 31:32 | Troll Witch Doctor |
| 34:55 | Troll Witch Doctor |
| 37:05 | Bladestorm |
| 38:55 | Brilliance Aura |
| 44:54 | Orb of Fire |
| 46:43 | Wind Walk |
| 50:37 | Serpent Ward |
| 51:37 | Mirror Image |
| 53:22 | Summon Water Elemental |
| Right click | 4074 |
| Select group | 1732 |
| Select | 530 |
| Build/train/purchase | 133 |
| Use ability | 56 |
| Chat | 32 |
| Misc. action | 30 |
| Minimap ping | 25 |
| Assign group | 23 |
| Resource trade | 22 |
| Item give/drop | 10 |
| Esc | 1 |
DudeWhy
(236)
(59:02) : 

| Peasant | 39 | 2925 | / | 0 |
| Footman | 10 | 1350 | / | 0 |
| Mortar Team | 2 | 360 | / | 140 |
| Flying Machine | 17 | 1700 | / | 510 |
| Dragonhawk Rider | 2 | 400 | / | 60 |
| total: | 70 | 6735g | / | 710w |
| Scout Tower | 68 | 2040 | / | 1360 |
| Arcane Tower | 7 | 490 | / | 350 |
| Guard Tower | 31 | 2170 | / | 1550 |
| Altar of Kings | 2 | 360 | / | 100 |
| Farm | 19 | 1520 | / | 380 |
| Barracks | 1 | 160 | / | 60 |
| Arcane Vault | 4 | 520 | / | 120 |
| Lumber Mill | 2 | 240 | / | 0 |
| Town Hall | 3 | 1155 | / | 615 |
| Blacksmith | 2 | 280 | / | 120 |
| Cannon Tower | 2 | 240 | / | 200 |
| Workshop | 3 | 420 | / | 420 |
| Arcane Sanctum | 1 | 150 | / | 140 |
| Gryphon Aviary | 1 | 140 | / | 150 |
| Keep | 1 | 320 | / | 210 |
| Castle | 1 | 360 | / | 210 |
| total: | 106 | 6985g | / | 3465w |
| 0:02 | Peasant |
| 0:05 | Altar of Kings |
| 0:19 | Farm |
| 0:20 | Barracks |
| 0:22 | Peasant |
| 0:24 | Peasant |
| 0:39 | Peasant |
| 0:52 | Peasant |
| 0:58 | Farm |
| 1:03 | Peasant |
| 1:24 | Footman |
| 1:27 | Peasant |
| 1:33 | Scout Tower |
| 1:38 | Farm |
| 1:42 | Peasant |
| 1:58 | Footman |
| 1:59 | Peasant |
| 2:15 | Footman |
| 2:20 | Arcane Tower |
| 2:24 | Storm Bolt |
| 2:35 | Peasant |
| 3:02 | Footman |
| 3:15 | Arcane Vault |
| 3:17 | Scout Tower |
| 3:20 | Lumber Mill |
| 4:02 | Bash |
| 4:02 | Footman |
| 4:29 | Peasant |
| 4:29 | Peasant |
| 4:30 | Footman |
| 4:41 | Peasant |
| 4:41 | Peasant |
| 4:48 | Guard Tower |
| 5:06 | Peasant |
| 5:12 | Peasant |
| 5:13 | Footman |
| 5:26 | Arcane Vault |
| 5:28 | Scout Tower |
| 5:28 | Peasant |
| 5:43 | Town Hall |
| 5:52 | Peasant |
| 6:20 | Arcane Tower |
| 6:21 | Peasant |
| 6:22 | Peasant |
| 6:24 | Footman |
| 6:29 | Scout Tower |
| 6:50 | Peasant |
| 6:51 | Footman |
| 6:55 | Farm |
| 6:55 | Farm |
| 6:56 | Scout Tower |
| 7:01 | Guard Tower |
| 7:03 | Scout Tower |
| 7:03 | Scout Tower |
| 7:04 | Scout Tower |
| 7:47 | Guard Tower |
| 7:52 | Scout Tower |
| 7:54 | Scout Tower |
| 7:56 | Keep |
| 7:57 | Peasant |
| 7:57 | Peasant |
| 7:58 | Peasant |
| 8:05 | Guard Tower |
| 8:09 | Scout Tower |
| 8:10 | Guard Tower |
| 8:11 | Improved Masonry |
| 8:12 | Improved Lumber Harvesting |
| 8:17 | Storm Bolt |
| 8:26 | Guard Tower |
| 8:53 | Guard Tower |
| 8:54 | Scout Tower |
| 8:55 | Scout Tower |
| 8:56 | Footman |
| 9:08 | Peasant |
| 9:25 | Blacksmith |
| 9:28 | Peasant |
| 9:28 | Peasant |
| 9:31 | Farm |
| 9:31 | Farm |
| 10:08 | Guard Tower |
| 10:42 | Scout Tower |
| 10:43 | Scout Tower |
| 10:46 | Scout Tower |
| 10:49 | Scout Tower |
| 10:52 | Scout Tower |
| 10:53 | Scout Tower |
| 10:54 | Advanced Masonry |
| 10:54 | Advanced Lumber Harvesting |
| 10:55 | Peasant |
| 10:55 | Peasant |
| 10:57 | Castle |
| 10:59 | Workshop |
| 11:01 | Scout Tower |
| 11:02 | Scout Tower |
| 11:03 | Guard Tower |
| 11:08 | Guard Tower |
| 11:28 | Black Gunpowder |
| 11:34 | Scout Tower |
| 11:34 | Scout Tower |
| 11:35 | Guard Tower |
| 11:39 | Guard Tower |
| 11:47 | Peasant |
| 11:47 | Peasant |
| 11:56 | Guard Tower |
| 11:59 | Scout Tower |
| 11:59 | Scout Tower |
| 12:03 | Holy Light |
| 12:06 | Workshop |
| 12:07 | Flare |
| 12:20 | Guard Tower |
| 12:23 | Peasant |
| 12:27 | Guard Tower |
| 12:46 | Refined Gunpowder |
| 12:51 | Peasant |
| 12:51 | Peasant |
| 12:55 | Blacksmith |
| 13:08 | Guard Tower |
| 13:43 | Workshop |
| 13:47 | Fragmentation Shards |
| 13:52 | Bash |
| 14:22 | Flak Cannons |
| 14:23 | Flying Machine Bombs |
| 14:26 | Peasant |
| 14:27 | Peasant |
| 14:27 | Peasant |
| 14:48 | Guard Tower |
| 14:52 | Scout Tower |
| 14:53 | Scout Tower |
| 14:53 | Scout Tower |
| 14:59 | Scout Tower |
| 15:00 | Scout Tower |
| 15:03 | Imbued Gunpowder |
| 15:09 | Mortar Team |
| 15:29 | Guard Tower |
| 15:34 | Scout Tower |
| 15:35 | Scout Tower |
| 15:36 | Scout Tower |
| 15:38 | Guard Tower |
| 15:47 | Iron Plating |
| 15:59 | Farm |
| 15:59 | Farm |
| 16:00 | Farm |
| 16:00 | Farm |
| 16:05 | Cannon Tower |
| 16:08 | Cannon Tower |
| 16:19 | Arcane Tower |
| 16:38 | Scout Tower |
| 16:40 | Scout Tower |
| 16:40 | Scout Tower |
| 17:30 | Flying Machine |
| 17:31 | Flying Machine |
| 17:31 | Flying Machine |
| 17:31 | Flying Machine |
| 17:31 | Flying Machine |
| 17:31 | Flying Machine |
| 17:32 | Flying Machine |
| 17:35 | Steel Plating |
| 17:42 | Divine Shield |
| 17:57 | Imbued Masonry |
| 18:16 | Flying Machine |
| 18:47 | Studded Leather Armor |
| 19:02 | Flying Machine |
| 19:23 | Arcane Sanctum |
| 19:26 | Mithril Plating |
| 19:29 | Flying Machine |
| 19:37 | Farm |
| 19:40 | Farm |
| 20:49 | Flying Machine |
| 20:49 | Flying Machine |
| 20:49 | Flying Machine |
| 21:12 | Reinforced Leather Armor |
| 21:20 | Farm |
| 21:23 | Farm |
| 21:27 | Farm |
| 21:44 | Farm |
| 21:46 | Farm |
| 21:49 | Farm |
| 24:32 | Mortar Team |
| 25:30 | Scout Tower |
| 25:31 | Scout Tower |
| 25:32 | Scout Tower |
| 25:33 | Scout Tower |
| 25:33 | Scout Tower |
| 25:34 | Scout Tower |
| 25:34 | Scout Tower |
| 25:35 | Scout Tower |
| 25:37 | Scout Tower |
| 25:37 | Scout Tower |
| 25:38 | Scout Tower |
| 25:39 | Scout Tower |
| 25:41 | Scout Tower |
| 26:05 | Lumber Mill |
| 26:21 | Guard Tower |
| 26:23 | Scout Tower |
| 26:24 | Scout Tower |
| 26:27 | Scout Tower |
| 26:34 | Guard Tower |
| 26:38 | Guard Tower |
| 26:40 | Scout Tower |
| 26:40 | Scout Tower |
| 26:41 | Scout Tower |
| 26:42 | Guard Tower |
| 26:48 | Town Hall |
| 26:52 | Guard Tower |
| 27:07 | Guard Tower |
| 27:36 | Scout Tower |
| 27:36 | Scout Tower |
| 27:37 | Scout Tower |
| 27:40 | Scout Tower |
| 27:41 | Guard Tower |
| 27:43 | Arcane Tower |
| 27:44 | Guard Tower |
| 28:36 | Arcane Tower |
| 29:26 | Gryphon Aviary |
| 30:31 | Scout Tower |
| 30:59 | Flying Machine |
| 31:17 | Flying Machine |
| 31:17 | Flying Machine |
| 31:19 | Flying Machine |
| 31:32 | Guard Tower |
| 33:15 | Altar of Kings |
| 33:22 | Healing Wave |
| 35:38 | Arcane Vault |
| 36:12 | Peasant |
| 36:12 | Peasant |
| 37:27 | Cloud |
| 37:27 | Dragonhawk Rider |
| 37:28 | Dragonhawk Rider |
| 39:23 | Storm Bolt |
| 44:28 | Holy Light |
| 44:30 | Hex |
| 46:38 | Town Hall |
| 46:40 | Scout Tower |
| 46:41 | Scout Tower |
| 46:42 | Scout Tower |
| 46:43 | Scout Tower |
| 46:44 | Scout Tower |
| 46:46 | Scout Tower |
| 46:47 | Scout Tower |
| 47:13 | Guard Tower |
| 47:18 | Arcane Tower |
| 47:19 | Arcane Tower |
| 47:37 | Guard Tower |
| 47:50 | Scout Tower |
| 47:51 | Arcane Vault |
| 48:38 | Guard Tower |
| 50:42 | Avatar |
| 50:44 | Divine Shield |
| Right click | 2450 |
| Select group | 942 |
| Select | 742 |
| Misc. action | 246 |
| Build/train/purchase | 191 |
| Use ability | 105 |
| Resource trade | 32 |
| Assign group | 31 |
| Minimap ping | 15 |
| Remove unit | 5 |
| Esc | 4 |
| Item give/drop | 1 |